 Dungeon Crawl Stone Soup version 0.23-a0-57-gd13e5294dc (webtiles) character file.

4312 Htamos the Fighter (level 10, -1/68 HPs)
             Began as a Tengu Berserker on Aug 9, 2018.
             Was a High Priest of Trog.
             Slain by an orc warrior
             ... wielding a +0 war axe
              (10 damage)
             ... in a bailey.
             The game lasted 00:12:07 (7966 turns).

Htamos the Fighter (Tengu Berserker)                Turns: 7966, Time: 00:12:09

Health: -1/68      AC: 14    Str: 26    XL:     10   Next: 33%
Magic:  11/11      EV: 11    Int:  7    God:    Trog [*****.]
Gold:   453        SH:  0    Dex: 14    Spells: 9/9 levels left

rFire    . . .     SeeInvis .   F - +1 rapier (venom)
rCold    . . .     Gourm    .   (no shield)
rNeg     . . .     Faith    .   q - +0 plate armour
rPois    .         Spirit   .   (helmet restricted)
rElec    .         Reflect  .   r - +0 cloak
rCorr    .         Harm     .   (no gloves)
MR       .....                  (boots unavailable)
Stlth    ..........             (no amulet)
HPRegen  0.21/turn              (no ring)
MPRegen  0.12/turn              (no ring)

@: mighty, berserk cooldown, slowed, very slow
A: beak, talons 3, able to fly 1
a: Fly, Berserk, Trog's Hand, Brothers in Arms, Renounce Religion


You were in a bailey.
You worshipped Trog.
Trog was extremely pleased with you.
You were not hungry.

You visited 1 branch of the dungeon, and saw 9 of its levels.
You also visited: Bailey.

You collected 453 gold pieces.

Inventory:

Hand Weapons
 a - a +0 short sword
 o - a +0 rapier
 x - a +2 dagger of flaming
 B - a +7 arbalest of flaming
 C - a +2 dagger of holy wrath
 F - a +1 rapier of venom (weapon)
Armour
 b - a +0 animal skin
 j - a +0 chain mail
 q - a +0 plate armour (worn)
 r - a +0 cloak (worn)
Jewellery
 s - an uncursed ring of flight
 D - a +4 ring of intelligence {unknown}
Wands
 G - a wand of iceblast (12)
Scrolls
 e - 3 scrolls of teleportation
 f - a scroll of enchant weapon {unknown}
 g - 2 scrolls of remove curse {unknown}
 i - a scroll of blinking
 k - a scroll of enchant armour {unknown}
 u - 2 scrolls of immolation
 w - 2 scrolls of fog {unknown}
 y - 2 scrolls of identify
Potions
 d - a potion of brilliance {unknown}
 h - 2 potions of ambrosia
 l - 2 potions of curing {unknown}
 m - a potion of mutation
 n - a potion of agility
 t - 5 potions of lignification
 z - a potion of haste {unknown}
Comestibles
 c - 10 rations


   Skills:
 * Level 9.9 Fighting
 + Level 7.9 Short Blades
 + Level 7.5 Armour
 + Level 7.5 Dodging


You had 9 spell levels left.
You didn't know any spells.
Your spell library was empty.

Dungeon Overview and Level Annotations

Branches:
Dungeon (9/15)             Temple (0/1) D:5            Lair (0/6) D:8
    Orc (0/2) D:9

Altars:
Elyvilon
Nemelex Xobeh
Ru
Sif Muna
Trog
Uskayaw
Xom
Zin
The Shining One

Shops:
D:8 :


Innate Abilities, Weirdness & Mutations

You have a beak for a mouth.
You have claws for feet.
You can fly.


Message History

The orc warrior looks as sick as possible!
You claw the orc warrior.
You kill the orc warrior!
Trog accepts your kill.
The orc warrior hits you but does no damage.
The goblin closely misses you.
You hit the goblin. You claw the goblin.
You kill the goblin!
Trog accepts your kill. The orc warrior barely misses you.
The orc hits you but does no damage.
A goblin comes into view. It is wielding a hand axe.
The orc warrior closely misses you.
You puncture the orc!
You kill the orc!
Trog accepts your kill. The hobgoblin hits you with a hand axe.
* * * LOW HITPOINT WARNING * * *
A goblin comes into view. It is wielding a hand axe.
The orc warrior hits you with a war axe!
You die...
K≈.≈K ##≈g≈## K≈g≈K

#'###≈.≈###+#
#∩KKK≈)≈K..∩#
##'##
▓▓▓[∩)▓▓▓
▓)▓og.▓)▓
▓▓▓@).▓▓▓
▓▓▓▓▓


You could see an orc warrior, a hobgoblin, 2 goblins and a kobold.

Vanquished Creatures
  An unseen horror (D:6)
  An orc knight (Bailey)
  A komodo dragon (D:8)
  Sigmund (D:3)
  A wyvern (D:8)
  A hungry ghost (D:6)
  Menkaure (D:5)
  3 orc warriors (Bailey)
  2 black bears (D:7)
  A sky beast (D:6)
  2 ogres
  2 phantoms
  A big kobold (D:9)
  A bullfrog (D:8)
  A scorpion (D:5)
  3 killer bees (D:7)
  A howler monkey (D:7)
  5 crimson imps
  A centaur zombie (D:7)
  3 hounds
  3 jellies
  2 orc priests (D:4)
  8 orc wizards
  2 bullfrog skeletons
  A human zombie (D:5)
  Jessica (D:2)
  3 human skeletons (D:5)
  An iguana (D:4)
  4 worker ants
  A hound zombie (D:5)
  2 hound skeletons
  Robin (D:1)
  A gnoll (Bailey)
  8 adders
  5 shadow imps
  An ooze (D:1)
  2 adder skeletons
  4 worms
  A dart slug (D:4)
  A leopard gecko (D:5)
  20 orcs
  5 bats
  2 giant cockroaches (D:2)
  19 goblins
  13 hobgoblins
  20 jackals
  21 kobolds
  4 quokkas
  A ball python (D:1)
  11 frilled lizards
  A jackal skeleton (D:8)
  A leopard gecko skeleton (D:8)
  2 orc skeletons (D:5)
  A quokka zombie (D:5)
  7 rats
213 creatures vanquished.

Vanquished Creatures (others)
  A plant (D:8)
1 creature vanquished.

Grand Total: 214 creatures vanquished

Notes
Turn   | Place    | Note
-------+----------+-------------------------------------------
     0 | D:1      | Htamos the Tengu Berserker began the quest for the Orb.
     0 | D:1      | Reached XP level 1. HP: 14/14 MP: 2/2
   185 | D:1      | Reached XP level 2. HP: 14/19 MP: 3/3
   658 | D:1      | Reached XP level 3. HP: 23/23 MP: 4/4
  1082 | D:1      | Reached ** piety under Trog
  1374 | D:2      | Noticed Robin
  1380 | D:2      | Reached skill level 4 in Fighting
  1380 | D:2      | Reached XP level 4. HP: 28/29 MP: 5/5
  1389 | D:1      | Killed Robin
  1512 | D:2      | Noticed Jessica
  1522 | D:2      | Killed Jessica
  1522 | D:2      | Gained mutation: You can fly. [Tengu growth]
  1522 | D:2      | Reached XP level 5. HP: 31/33 MP: 6/6
  1667 | D:2      | Found a faded altar of an unknown god.
  1903 | D:3      | Reached *** piety under Trog
  1952 | D:3      | Found a deep blue altar of Sif Muna.
  1963 | D:3      | Found a bloodstained altar of Trog.
  1964 | D:3      | Found a glowing silver altar of Zin.
  2424 | D:3      | Noticed Sigmund
  2430 | D:3      | Killed Sigmund
  2430 | D:3      | Reached skill level 5 in Fighting
  2430 | D:3      | Reached XP level 6. HP: 40/40 MP: 7/7
  2725 | D:4      | Reached XP level 7. HP: 33/44 MP: 8/8
  3195 | D:4      | Reached **** piety under Trog
  3553 | D:5      | Entered Level 5 of the Dungeon
  3569 | D:5      | Reached skill level 5 in Short Blades
  3592 | D:5      | Reached skill level 6 in Fighting
  3680 | D:5      | Found a sand-covered staircase.
  3782 | D:5      | Reached XP level 8. HP: 48/52 MP: 9/9
  3951 | D:5      | Reached skill level 5 in Dodging
  3981 | D:5      | Found a staircase to the Ecumenical Temple.
  3982 | D:5      | Noticed Menkaure
  3990 | D:5      | Killed Menkaure
  3990 | D:5      | Reached skill level 5 in Armour
  4757 | D:6      | Reached skill level 7 in Fighting
  5580 | D:6      | Killed an unseen horror
  5580 | D:6      | Reached skill level 8 in Fighting
  5580 | D:6      | Reached XP level 9. HP: 49/59 MP: 10/10
  5680 | D:6      | Found a sparkling altar of Nemelex Xobeh.
  5744 | D:6      | Found a shimmering altar of Xom.
  6050 | D:7      | Reached ***** piety under Trog
  6529 | D:7      | Found a white marble altar of Elyvilon.
  6721 | D:7      | Received a gift from Trog
  6920 | D:7      | Found a hide-covered altar of Uskayaw.
  6920 | D:7      | Found a glowing golden altar of the Shining One.
  6921 | D:7      | Found a sacrificial altar of Ru.
  6977 | D:8      | Found a staircase to the Lair.
  6977 | D:8      | Noticed a komodo dragon
  7012 | D:8      | Killed a komodo dragon
  7012 | D:8      | Reached skill level 9 in Fighting
  7215 | D:8      | Found Witauly's Book Boutique.
  7360 | D:8      | Reached XP level 10. HP: 63/66 MP: 11/11
  7852 | D:9      | Found a flagged portal.
  7894 | Bailey   | Entered a bailey
  7921 | Bailey   | Noticed an orc knight
  7945 | Bailey   | Killed an orc knight
  7966 | Bailey   | Slain by an orc warrior

Vault maps used:
D:1:      dpeg_arrival_three_bigger_balls
D:2:      chequers_ecumenical_altar_twisty, uniq_robin, uniq_jessica
D:3:      grunt_temple_overflow_open, first_ration, roderic_serpentine_path,
          minmay_close_crescents, uniq_sigmund
D:5:      minmay_temple_entry_from_below_a, nicolae_ossuary_entry_catacombs,
          uniq_menkaure
D:6:      kennysheep_mini, nemelex_xobeh_ov_fountains_minmay
D:7:      elyvilon_altar_4, gammafunk_temple_overflow_forgotten
D:8:      david_lair_shrubbed, serial_shops, nicolae_shop_window_shopping
D:9:      orc_0_dummy, enter_bailey_2, serial_glass, glass_columns_c,
          glass_columns_a, fountainhead
Bailey:   bailey_axe_1, bailey

Skill      XL: |  1  2  3  4  5  6  7  8  9 |
---------------+----------------------------+-----
Fighting       | 4 5 6 8 9 |  9.9
Dodging        | 3 4 6 7 |  7.5
Armour         | 3 4 5 7 |  7.5
Short Blades   | 4 5 6 7 |  7.9

Action                   |  1- 3 |  4- 6 |  7- 9 | 10-12 || total
-------------------------+-------+-------+-------+-------++-------
Melee: Short sword       |   113 |   141 |    28 |       ||   282
       Kick              |    26 |    41 |   139 |    23 ||   229
       Peck              |     6 |    17 |    90 |    12 ||   125
       Dagger            |       |       |   344 |       ||   344
       Rapier            |       |       |    17 |    57 ||    74
Invok: Berserk           |     1 |     1 |     2 |     1 ||     5
       Trog's Hand       |       |       |       |     1 ||     1
 Abil: Fly               |       |       |       |     1 ||     1
Evoke: Wand              |       |       |     7 |       ||     7
  Use: Scroll            |       |       |    16 |     1 ||    17
       Potion            |       |       |       |     3 ||     3
  Eat: Chunk             |     2 |     6 |    19 |       ||    27
       Ration            |       |       |     1 |     1 ||     2
Armor: Animal skin       |     5 |       |       |       ||     5
       Chain mail        |    60 |    35 |       |       ||    95
       Plate armour      |       |    44 |   190 |    21 ||   255
Dodge: Dodged            |    72 |    55 |   108 |    39 ||   274

Table legend:
 A = Spawn XP
 B = Non-spawn XP
 C = Spawn XP percentage of total XP
 D = Spawn monster count
 E = Non-spawn monster count
 F = Spawn count percentage of total count
 G = Total turns spent on level
                    A         B        C        D         E        F      G
               +---------+---------+-------+---------+---------+-------+---------
         Total |       0 |    6160 |   0.0 |       0 |     213 |   0.0 |  7966
               +---------+---------+-------+---------+---------+-------+---------
           D:1 |       0 |      81 |   0.0 |       0 |      38 |   0.0 |  1462
           D:2 |       0 |     128 |   0.0 |       0 |      24 |   0.0 |   429
           D:3 |       0 |     316 |   0.0 |       0 |      29 |   0.0 |   804
           D:4 |       0 |     298 |   0.0 |       0 |      24 |   0.0 |   858
           D:5 |       0 |     782 |   0.0 |       0 |      23 |   0.0 |  1336
           D:6 |       0 |    1288 |   0.0 |       0 |      17 |   0.0 |  1140
           D:7 |       0 |    1098 |   0.0 |       0 |      28 |   0.0 |   939
           D:8 |       0 |    1018 |   0.0 |       0 |      13 |   0.0 |   873
           D:9 |       0 |     114 |   0.0 |       0 |       8 |   0.0 |    53
        Bailey |       0 |    1037 |   0.0 |       0 |       9 |   0.0 |    72
               +---------+---------+-------+---------+---------+-------+---------
